 Dungeon Crawl Stone Soup version 0.23-a0-837-ga3e6480 (webtiles) character file.

37 poirepourri the Chopper (level 3, -4/33 HPs)
             Began as a Deep Dwarf Fighter on Jan 24, 2019.
             Slain by Sigmund
             ... wielding a +0 scythe
              (7 damage)
             ... on level 2 of the Dungeon.
             The game lasted 00:01:06 (1094 turns).

poirepourri the Chopper (Deep Dwarf Fighter)        Turns: 1094, Time: 00:01:06

Health: -4/33      AC:  8    Str: 27    XL:     3   Next: 23%
Magic:  2/2        EV:  7    Int:  8    God:
Gold:   73         SH:  0    Dex: 13    Spells: 2/2 levels left

rFire    . . .     SeeInvis .   a - +1 war axe
rCold    . . .     Gourm    .   c - +0 shield
rNeg     . . .     Faith    .   b - +0 scale mail
rPois    .         Spirit   .   (no helmet)
rElec    .         Reflect  .   k - +0 cloak
rCorr    .         Harm     .   (no gloves)
MR       .....                  (no boots)
Stlth    ..........             (no amulet)
HPRegen  0.00/turn              i - +3 ring of strength
MPRegen  0.08/turn              (no ring)

@: confused, mighty, non-regenerating
A: damage resistance, heal wounds, sense surroundings 1, no regeneration
a: Heal Wounds


You were on level 2 of the Dungeon.
You were hungry.

You visited 1 branch of the dungeon, and saw 2 of its levels.

You collected 73 gold pieces.

Inventory:

Hand Weapons
 a - a +1 war axe (weapon)
Armour
 b - a +0 scale mail (worn)
 c - a +0 shield (worn)
 k - a +0 cloak (worn)
Jewellery
 i - a +3 ring of strength (left hand)
Scrolls
 e - a scroll of identify
Potions
 d - a potion of might
 g - 2 potions of curing
 h - 2 potions of mutation
 j - a potion of lignification {unknown}
Comestibles
 f - 5 rations


   Skills:
 - Level 2.6 Fighting
 + Level 4.1 Axes
 - Level 3.2 Armour
 - Level 3.2 Shields


You had 2 spell levels left.
You didn't know any spells.
Your spell library was empty.

Dungeon Overview and Level Annotations

Branches:
Dungeon (2/15)

Altars:
Sif Muna

Annotations:
D:2 Sigmund


Innate Abilities, Weirdness & Mutations

You are resistant to damage.
You can heal yourself by infusing magical energy.
You passively map a small area around you.
You do not regenerate.


Message History

You bump into the rock wall.
Something hits you!
You bump into the rock wall.
Something hits you!
You bump into the rock wall.
Your shield and scale mail prevent you from hitting something.
You hear some strange, mumbled words.
A puff of flame appears from out of thin air!
The puff of flame hits you.
You hear some strange, mumbled words.
A magic dart appears from out of thin air!
The magic dart hits you!
You bump into the rock wall.
Something hits you but does no damage.
You barely miss something.
You hear some strange, mumbled words.
A magic dart appears from out of thin air!
The magic dart hits you. Something hits you!
* * * LOW HITPOINT WARNING * * *
Something hits you. Something hits you!
You die...

,..........#....###......
........................
,
........†.#....###......
.........†#....# #......
, ..........#....#
#...... ..........######
#......
..........#*######......
.........{#....(##......
.......@........##......
* ,
......######...♣####....
*#####. * .♣♣ #.... * #.
* ♣ #.... #. * ###.. * ,*
#.. ** , , * #.. ,* * #.#
, #.#


There were no monsters in sight!

Vanquished Creatures
  An adder (D:2)
  2 dart slugs (D:2)
  A leopard gecko (D:2)
  A giant cockroach (D:1)
  4 goblins
  5 hobgoblins
  A quokka (D:2)
  A ball python (D:1)
  A bat (D:2)
  A frilled lizard (D:1)
  3 kobolds (D:1)
  A rat (D:2)
22 creatures vanquished.

Notes
Turn   | Place    | Note
-------+----------+-------------------------------------------
     0 | D:1      | poirepourri the Deep Dwarf Fighter began the quest for the
                  | Orb.
     0 | D:1      | Reached XP level 1. HP: 20/20 MP: 1/1
   210 | D:1      | Reached skill level 3 in Axes
   210 | D:1      | Reached XP level 2. HP: 13/27 MP: 2/2
   737 | D:2      | Found a deep blue altar of Sif Muna.
  1008 | D:2      | Reached skill level 4 in Axes
  1008 | D:2      | Reached XP level 3. HP: 25/33 MP: 2/2
  1051 | D:2      | Noticed Sigmund
  1094 | D:2      | Slain by Sigmund

Vault maps used:
D:1:      co_arrival_square_in_a_square_in_a_square, nrook_loot_triangle
D:2:      lemuel_round_altar, fedhas_altar_4, lemuel_crystal_altar,
          kennysheep_generic_room_2, uniq_sigmund

Skill      XL: |  1  2 |
---------------+-------+-----
Axes           | 3 4 |  4.1
Fighting       | |  2.6
Armour         | |  3.2
Shields        | |  3.2

Action                   || total
-------------------------++-------
Melee: War axe           ||    73
 Abil: Heal Wounds       ||     2
  Use: Scroll            ||     7
       Potion            ||     1
Armor: Scale mail        ||    35
Dodge: Dodged            ||    20
Block: Shield            ||    43

Table legend:
 A = Non-vault XP
 B = Vault XP
 C = Vault XP percentage of total XP
 D = Non-vault monster count
 E = Vault monster count
 F = Vault count percentage of total count
                 A         B        C        D         E       F
            +---------+---------+-------+---------+---------+-------
      Total |      51 |       3 |   5.6 |      20 |       2 |   9.1
            +---------+---------+-------+---------+---------+-------
        D:1 |      20 |       0 |   0.0 |      12 |       0 |   0.0
        D:2 |      31 |       3 |   8.8 |       8 |       2 |  20.0
            +---------+---------+-------+---------+---------+-------
